 Dungeon Crawl Stone Soup version 0.30-a0-760-g5a9884bb7c (webtiles) character file.

Game seed: 3944454245070264369

2681 croobank the Sneak (level 9, -8/69 HPs)
             Began as a Human Delver on Feb 11, 2023.
             Was an Initiate of Gozag.
             Mangled by an orc warrior
             ... wielding a +0 battleaxe
              (32 damage)
             ... in a bailey.
             The game lasted 00:25:04 (7516 turns).

croobank the Sneak (Human Delver)                   Turns: 7516, Time: 00:25:04

Health: -8/69      AC:  5    Str: 12    XL:     9   Next: 95%
Magic:  15/15      EV: 24    Int: 16    God:    Gozag
Gold:   515        SH:  0    Dex: 14    Spells: 13/16 levels left

rFire   . . .      SeeInvis .    a - +4 hand axe
rCold   . . .      Faith    .    (no shield)
rNeg    . . .      Spirit   .    b - +0 leather armour
rPois   .          Reflect  .    B - +1 helmet
rElec   .          Harm     .    (no cloak)
rCorr   .          Rampage  .    (no gloves)
Will    .....                    (no boots)
Stlth   ++++                     x - amulet of magic regeneration
HPRegen 0.31/turn                p - +5 ring of evasion
MPRegen 0.54/turn                s - +5 ring of evasion

@: gold aura
A: no striking features
a: Renounce Religion, Potion Petition, Call Merchant, Bribe Branch


You were in a bailey.
You worshipped Gozag.
Gozag was pleased with you.
You visited 1 branch of the dungeon, and saw 7 of its levels.
You also visited: Bailey.

You collected 907 gold pieces.
You spent 294 gold pieces at shops.
You paid 98 gold pieces to Gozag.

Inventory:

Hand Weapons
 a - a +4 hand axe (weapon)
 h - a +1 dagger of venom
 j - a +0 falchion
 k - a +0 sling
 q - a +0 dagger
 y - a +0 sling
 D - a +0 trident
 K - a +0 war axe
Missiles
 n - 26 poisoned darts (quivered)
 E - a boomerang of dispersal
 L - 14 boomerangs
 M - 4 atropa-tipped darts
Armour
 b - a +0 leather armour (worn)
 B - a +1 helmet (worn)
 F - a +0 ring mail
Jewellery
 f - a ring of positive energy
 p - a +5 ring of evasion (left hand)
 s - a +5 ring of evasion (right hand)
 w - a +5 ring of evasion
 x - an amulet of magic regeneration (around neck)
 I - a ring of protection from fire
Wands
 g - a wand of digging (3)
 i - a wand of flame (13)
 m - a wand of iceblast (5)
 G - a wand of light (3)
Scrolls
 c - 2 scrolls of fog
 d - 2 scrolls of magic mapping
 e - 2 scrolls of fear
 H - 2 scrolls of enchant armour
 J - a scroll of teleportation
Potions
 l - 2 potions of ambrosia
 o - 2 potions of lignification
 r - 2 potions of attraction
 t - 4 potions of heal wounds
 u - a potion of magic
 v - a potion of brilliance
 z - 3 potions of curing
 A - a potion of flight
 C - a potion of mutation {unknown}


   Skills:
 + Level 6.2 Fighting
 + Level 5.8 Axes
 + Level 5.8 Dodging
 + Level 7.9 Stealth
 + Level 4.4 Spellcasting
 * Level 3.8 Transmutations


You had 13 spell levels left.
You knew the following spells:

 Your Spells              Type           Power      Damage    Failure   Level
a - Beastly Appendage     Tmut           30%        N/A       4%          1
b - Wereblood             Tmut           15%        N/A       6%          2

Your spell library contained the following spells:

 Spells                   Type           Power      Damage    Failure   Level
 Passwall                 Tmut/Erth      7%         N/A       14%         2
 Spider Form              Tmut/Pois      9%         N/A       28%         3
 Ensorcelled Hibernation  Hex/Ice        6%         N/A       30%         2
 Ignite Poison            Fire/Tmut/Pois 7%         N/A       36%         3
 Gell's Gravitas          Tloc           3%         N/A       52%         3
 Inner Flame              Hex/Fire       3%         N/A       52%         3
 Kindle Blastsparks       Fire/Tloc/Air  6%         2d10      52%         3
 Summon Guardian Golem    Hex/Summ       3%         N/A       52%         3
 Swiftness                Air            3%         N/A       52%         3
 Teleport Other           Tloc           3%         N/A       52%         3
 Flame Wave               Conj/Fire      3%         2d5       90%         4
 Leda's Liquefaction      Hex/Erth       1%         N/A       90%         4
 Sticky Flame             Conj/Fire      3%         2d3       90%         4
 Freezing Cloud           Conj/Ice/Air   1%         6-21      99%         5
 Lee's Rapid Deconstruct  Erth           1%         3d4*      99%         5
 Dispersal                Tloc           1%         N/A       100%        6
 Statue Form              Tmut/Erth      6%         N/A       100%        6
 Orb of Destruction       Conj           1%         9d5       100%        7
 Spellforged Servitor     Conj/Summ      1%         N/A       100%        7


Dungeon Overview and Level Annotations

Branches:
Dungeon (7/15)             Temple (0/1) D:5          Bailey (1/1)

Altars:
Cheibriados
Gozag
Hepliaklqana
Qazlal
Sif Muna
Xom
Yredelemnul

Shops:
D:6 *

Annotations:
D:2 1 runed translucent door, Crazy Yiuf
D:3 1 runed translucent door
D:6 1 runed translucent door, tarna41's ghost, novice MiBe
D:7 Prince Ribbit


Message History

The bolt of light hits the orc knight.
The orc knight is almost dead.
The orc knight is blinded.
The orc warrior barely misses you.
The orc knight hits you with a +0 war axe!!
* * * LOW HITPOINT WARNING * * *
The kobold brigand closely misses you.
You feel much better. The orc warrior closely misses you.
The orc knight closely misses you. The kobold brigand misses you.
You feel much better. The orc warrior closely misses you.
The orc knight misses you.
The kobold brigand hits you but does no damage.
You hit the kobold brigand.
The kobold brigand is heavily wounded.
You hit the orc knight but do no damage.
You closely miss the orc warrior.
Your primal bloodlust has ended.
The orc warrior misses you.
The kobold brigand completely misses you.
You hit the kobold brigand.
The kobold brigand is severely wounded.
You hit the orc warrior.
The orc warrior hits you with a +0 battleaxe!!
The kobold brigand hits you with a +0 war axe!
You hit the orc warrior.
The orc warrior is almost dead.
You hit the kobold brigand. The orc warrior completely misses you.
The kobold brigand barely misses you.
You barely miss the orc warrior.
The orc warrior is almost dead.
You hit the kobold brigand. The orc warrior misses you.
The kobold brigand completely misses you.
You catch the helpless orc knight completely off-guard!
You hit the orc knight but do no damage.
The orc knight is almost dead.
You hit the orc warrior but do no damage.
You hit the kobold brigand.
You kill the kobold brigand!
The orc warrior hits you with a +0 battleaxe!!
You die...
Your body crumbles into a pile of gold.

##~~.......~~##
##~.......~##
####'''####
##.....##
#∩....(∩#
#...8...#
##.....##
###'###
####@o.####
#...o$....#
#.............#
#...............
#...............
##.............#
###.?[.(.$?.###
####._.####
#####


You could see an orc knight (blind) and an orc warrior (strong).

Vanquished Creatures
  Grinder (D:3)
  A water moccasin (D:6)
  2 sky beasts (D:7)
  A black bear (D:6)
  An ogre (D:6)
  3 centaurs (D:6)
  3 phantoms
  4 kobold brigands (Bailey)
  A necrophage (D:5)
  A gnoll sergeant (D:6)
  5 scorpions
  4 killer bees
  A gnoll bouda (D:4)
  2 hounds (D:6)
  4 jellies
  2 orc priests
  An iron imp (D:3)
  Terence (D:2)
  2 iguanas
  4 orc wizards
  11 gnolls
  4 adders
  A white imp (D:7)
  An ufetubus (D:6)
  2 worms
  2 dart slugs (D:2)
  17 orcs
  10 ball pythons
  10 endoplasms
  3 giant cockroaches
  8 goblins
  11 hobgoblins
  7 jackals (D:4)
  6 quokkas
  3 bats
  3 frilled lizards
  A goblin skeleton (D:3)
  24 kobolds
  A kobold skeleton (D:3)
  A kobold zombie (D:3)
  4 rats
174 creatures vanquished.

Notes
Turn   | Place    | Note
-------+----------+-------------------------------------------
     0 | D:5      | croobank the Human Delver began the quest for the Orb.
     0 | D:5      | Reached XP level 1. HP: 18/18 MP: 1/1
    33 | D:6      | Found a shimmering blue altar of Sif Muna.
    52 | D:5      | Noticed a killer bee
    52 | D:5      | Noticed a killer bee
    52 | D:5      | Noticed a killer bee
    79 | D:5      | Noticed a gnoll bouda
   131 | D:4      | Reached XP level 2. HP: 22/24 MP: 2/2
   259 | D:4      | Found a stormy altar of Qazlal.
   437 | D:3      | Found a snail-covered altar of Cheibriados.
   459 | D:3      | Reached XP level 3. HP: 11/29 MP: 3/3
   602 | D:2      | Reached XP level 4. HP: 35/35 MP: 4/4
  1477 | D:2      | Noticed Terence
  1618 | D:3      | Noticed Grinder
  1634 | D:3      | Paralysed by Grinder for 5 turns
  1652 | D:3      | Paralysed by Grinder for 3 turns
  1655 | D:3      | Killed Grinder
  1656 | D:3      | Reached skill level 1 in Spellcasting
  1656 | D:3      | Reached XP level 5. HP: 13/42 MP: 4/7
  1656 | D:3      | Reached XP level 6. HP: 15/48 MP: 4/8
  2393 | D:2      | Reached skill level 6 in Stealth
  2637 | D:2      | Killed Terence
  2876 | D:2      | Found a runed translucent door.
  2877 | D:2      | Noticed Crazy Yiuf
  3129 | D:3      | Noticed a human
  3130 | D:3      | Found a runed translucent door.
  3134 | D:3      | Found a basalt altar of Yredelemnul.
  3265 | D:3      | Found an opulent altar of Gozag.
  3279 | D:3      | Reached XP level 7. HP: 39/54 MP: 9/9
  3333 | D:3      | Became a worshipper of Gozag Ym Sagoz the Greedy
  3675 | D:4      | Found Ofuff's Self-Improvement Boutique.
  4636 | D:5      | Reached XP level 8. HP: 14/60 MP: 11/11
  5337 | D:5      | Reached skill level 5 in Fighting
  5352 | D:5      | Found a hazy altar of Hepliaklqana.
  5480 | D:5      | Found a staircase to the Ecumenical Temple.
  5832 | D:6      | Reached skill level 7 in Stealth
  6000 | D:6      | Reached skill level 5 in Axes
  6000 | D:6      | Reached skill level 5 in Dodging
  6145 | D:6      | Found Xuseixuh's Specific Store.
  6151 | D:6      | Found Ducaenni's General Store.
  6157 | D:6      | Bought a book of Changes for 252 gold pieces
  6159 | D:6      | Learned a level 1 spell: Beastly Appendage
  6162 | D:6      | Learned a level 2 spell: Wereblood
  6178 | D:6      | Reached XP level 9. HP: 56/68 MP: 14/14
  6226 | D:6      | Bought a scroll of teleportation for 42 gold pieces
  6351 | D:6      | Reached skill level 1 in Transmutations
  6840 | D:6      | Found a runed translucent door.
  6840 | D:6      | Found a shimmering altar of Xom.
  6840 | D:6      | Noticed a +4 whip of chaos
  6840 | D:6      | Noticed tarna41's ghost (novice MiBe)
  7093 | D:7      | Found a flagged portal.
  7159 | D:7      | Noticed Prince Ribbit
  7176 | Bailey   | Entered a bailey
  7489 | Bailey   | Noticed an orc knight
  7490 | Bailey   | Found a burning altar of Makhleb.
  7516 | Bailey   | Mangled by an orc warrior

Illustrated notes

Levels and vault maps discovered:
D:1:      minmay_arrival_glassed_features, layout_loops_ring
D:2:      layout_basic, uniq_terence, uniq_crazy_yiuf_cottage
D:3:      kennysheep_big_flooded_room, layout_loops_cross, slow_altar_1,
          mainiacjoe_overflow_chevrons, dk_yredelemnul_ordeal, uniq_grinder
D:4:      layout_basic, nicolae_qazlal_scattered_showers, st_stairs_9,
          nicolae_shop_self_help
D:5:      layout_basic, lemuel_tele_altar, minmay_temple_entry_ruins,
          kennysheep_boxes
D:6:      minmay_razor_zed, layout_loops_ring, mainiacjoe_overflow_catwalk,
          ebering_ghost_xom, nicolae_specific_store, minmay_misc_feat_ornament
D:7:      layout_loops_ring, kennysheep_little_box, lemuel_crystal_altar,
          enter_bailey_4, uniq_prince_ribbit1
Bailey:   bailey_axe_3, bailey

Skill      XL: |  1  2  3  4  5  6  7  8  9 |
---------------+----------------------------+-----
Fighting       | 4 5 6 |  6.2
Axes           | 3 4 5 |  5.8
Dodging        | 3 4 5 |  5.8
Spellcasting   | 1 2 3 4 |  4.4
Stealth        | 6 7 |  7.9
Transmutations | 3 |  3.8

Action                     |  1- 3 |  4- 6 |  7- 9 || total
---------------------------+-------+-------+-------++-------
  Melee: Hand axe          |    60 |   201 |   350 ||   611
         Punch             |       |     3 |     5 ||     8
         Kick              |       |       |    18 ||    18
         Headbutt          |       |       |    14 ||    14
   Cast: Beastly Appendage |       |       |     9 ||     9
         Wereblood         |       |       |     7 ||     7
  Evoke: Wand              |       |     7 |    16 ||    23
    Use: Potion            |     1 |     5 |     4 ||    10
         Scroll            |       |    10 |     5 ||    15
   Stab: Sleeping          |     4 |     9 |     8 ||    21
         Distracted        |       |     1 |     3 ||     4
         Invisible         |       |       |     2 ||     2
 Armour: Leather armour    |    10 |    35 |    35 ||    80
  Dodge: Dodged            |    38 |   174 |   419 ||   631

Table legend: (Time is in decaauts)
 A = Elapsed time spent in this place.
 B = Non-inter-level travel time spent in this place.
 C = Inter-level travel time spent in this place.
 D = Time resting spent in this place.
 E = Time spent auto-exploring this place.
 F = Levels seen in this place.
 G = Mean time per level.
                   A        B        C        D        E       F      G
               +--------+--------+--------+--------+--------+-----+--------+
         Total |   7573 |   7293 |    280 |   1969 |   3146 |   8 |  946.6 |
       Dungeon |   7233 |   6953 |    280 |   1773 |   3146 |   7 | 1033.3 |
        Bailey |    340 |    340 |      0 |    196 |      0 |   1 |  340.0 |
               +--------+--------+--------+--------+--------+-----+--------+

Top non-repeatable levels by time:
     D:4: 1753 daAuts
     D:6: 1316 daAuts
     D:3: 1217 daAuts
     D:2: 1166 daAuts
     D:5: 856 daAuts
     D:1: 794 daAuts
  Bailey: 340 daAuts
     D:7: 129 daAuts
